APP
BOSTON (APP) RED SOX @ DETROIT (APP) TIGERS
09/07/2047
 
TOP OF THE 1ST
Boston (APP) Red Sox batting - Pitching for Detroit (APP) Tigers : LHP Jayden Carey
Pitching: LHP Jayden Carey
Batting: RHB Aukukero Tairi 0-0: Ground out 5-3 (Groundball, 5, EV 97.5 MPH)
Batting: RHB Roger Mitchell 0-0: Foul Ball, location: 2F
0-1: Ball
1-1: Foul Ball, location: 2F
1-2: Ball
2-2: Ball
3-2: Base on Balls
Batting: RHB Dominique Paolozzi 0-0: Called Strike
0-1: Called Strike
Roger Mitchell steals 2nd base
0-2: Fly out, F9 (Line Drive, 89M, EV 90.0 MPH)
Batting: RHB Mike Rosa 0-0: Ball
1-0: Fly out, F8 (Flyball, 89D, EV 88.1 MPH)
Top of the 1st over - 0 runs, 0 hits, 0 errors, 1 left on base; Boston (APP) 0 - Detroit (APP) 0
BOTTOM OF THE 1ST
Detroit (APP) Tigers batting - Pitching for Boston (APP) Red Sox : RHP Jim Horwood
Pitching: RHP Jim Horwood
Batting: RHB Billy Verdusco 0-0: Called Strike
0-1: Called Strike
0-2: Foul Ball, location: 2F
0-2: Fly out, F7 (Line Drive, 7S, EV 100.0 MPH)
Batting: RHB Seth Fox 0-0: Swinging Strike
0-1: Ball
1-1: Ground out 5-3 (Groundball, 56, EV 89.4 MPH)
Batting: RHB Kevin Steed 0-0: Called Strike
0-1: Ground out U3 (Groundball, 23, EV 84.4 MPH)
Bottom of the 1st over - 0 runs, 0 hits, 0 errors, 0 left on base; Boston (APP) 0 - Detroit (APP) 0
TOP OF THE 2ND
Boston (APP) Red Sox batting - Pitching for Detroit (APP) Tigers : LHP Jayden Carey
Batting: LHB Mike Hutcheson 0-0: Ball
1-0: Foul Ball, location: 2F
1-1: Ground out 4-3 (Groundball, 4, EV 96.9 MPH)
Batting: LHB Stanislav Parusov 0-0: Ball
1-0: Foul Ball, location: 2F
1-1: DOUBLE (Flyball, 78D, EV 99.4 MPH)
Batting: RHB Willie Camacho 0-0: Ball
1-0: Swinging Strike
1-1: Ball
2-1: Foul Ball, location: 2F
2-2: Ground out 4-3 (Groundball, 4, EV 90.6 MPH)
Stanislav Parusov to third
Batting: LHB Robert Gonzalez 0-0: Ball
1-0: Foul Ball, location: 2F
1-1: Foul Ball, location: 2F
1-2: Ground out 4-3 (Groundball, 4, EV 103.1 MPH)
Top of the 2nd over - 0 runs, 1 hit, 0 errors, 1 left on base; Boston (APP) 0 - Detroit (APP) 0
BOTTOM OF THE 2ND
Detroit (APP) Tigers batting - Pitching for Boston (APP) Red Sox : RHP Jim Horwood
Batting: RHB Yasutaka Yamasaki 0-0: Called Strike
0-1: Ball
1-1: Foul Ball, location: 2F
1-2: Ball
2-2: Ball
3-2: Base on Balls
Batting: RHB Juan Acero 0-0: Ball
Pickoff Throw to First - Out! 1-3 CS
1-0: Called Strike
1-1: Foul Ball, location: 2F
1-2: Ball
2-2: Ground out 4-3 (Groundball, 4M, EV 87.5 MPH)
Batting: SHB Salvador Lacosta 0-0: Ball
1-0: Called Strike
1-1: Ground out 6-3 (Groundball, 6, EV 83.8 MPH)
Bottom of the 2nd over - 0 runs, 0 hits, 0 errors, 0 left on base; Boston (APP) 0 - Detroit (APP) 0
TOP OF THE 3RD
Boston (APP) Red Sox batting - Pitching for Detroit (APP) Tigers : LHP Jayden Carey
Batting: LHB Kenny Jackson 0-0: Ball
1-0: Swinging Strike
1-1: Foul Ball, location: 2F
1-2: Strikes out looking
Batting: RHB Aukukero Tairi 0-0: Called Strike
0-1: Swinging Strike
0-2: Ball
1-2: Foul Ball, location: 2F
1-2: Ball
2-2: SINGLE (Groundball, 5S, EV 63.1 MPH) (infield hit)
Batting: RHB Roger Mitchell 0-0: SINGLE (Groundball, 25, EV 67.5 MPH) (infield hit)
Aukukero Tairi to second
Batting: RHB Dominique Paolozzi 0-0: SINGLE (Flyball, 78S, EV 90.6 MPH)
Aukukero Tairi to third
Roger Mitchell to second
Batting: RHB Mike Rosa 0-0: Ball
1-0: Ball
2-0: Ball
3-0: Grounds into fielders choice 1-2 (Groundball, 34S, EV 71.2 MPH)
Roger Mitchell to third
Dominique Paolozzi to second
Batting: LHB Mike Hutcheson 0-0: Swinging Strike
0-1: Ball
1-1: Ball
2-1: Foul Ball, location: 2F
2-2: Ball
Wild Pitch!
Roger Mitchell scores
Dominique Paolozzi to third
Mike Rosa to second
3-2: Fly out, F8 (Line Drive, 89D, EV 101.2 MPH)
Top of the 3rd over - 1 run, 3 hits, 0 errors, 2 left on base; Boston (APP) 1 - Detroit (APP) 0
BOTTOM OF THE 3RD
Detroit (APP) Tigers batting - Pitching for Boston (APP) Red Sox : RHP Jim Horwood
Batting: RHB Ernst Meloche 0-0: Ball
1-0: Ball
2-0: Swinging Strike
2-1: Fly out, F8 (Flyball, 8LM, EV 86.9 MPH)
Batting: LHB Glen Boyle 0-0: Ball
1-0: Ball
2-0: Ball
3-0: Called Strike
3-1: Foul Ball, location: 2F
3-2: Base on Balls
Batting: LHB Timotheus Young 0-0: Ball
1-0: Ball
2-0: Ball
3-0: Called Strike
3-1: Swinging Strike
3-2: Strikes out looking
Batting: RHB Billy Verdusco 0-0: Called Strike
0-1: Ball
Wild Pitch!
Glen Boyle to second
1-1: Ball
2-1: Ball
3-1: DOUBLE (Groundball, 3L, EV 103.1 MPH)
Glen Boyle scores
Batting: RHB Seth Fox 0-0: Called Strike
0-1: Foul Ball, location: 2F
0-2: Strikes out swinging
Bottom of the 3rd over - 1 run, 1 hit, 0 errors, 1 left on base; Boston (APP) 1 - Detroit (APP) 1
TOP OF THE 4TH
Boston (APP) Red Sox batting - Pitching for Detroit (APP) Tigers : LHP Jayden Carey
Batting: LHB Stanislav Parusov 0-0: Called Strike
0-1: Called Strike
0-2: Ground out 6-3 (Groundball, 56, EV 102.5 MPH)
Batting: RHB Willie Camacho 0-0: Ball
1-0: Ball
2-0: Called Strike
2-1: SINGLE (Groundball, 56D, EV 100.0 MPH)
Batting: LHB Robert Gonzalez 0-0: Ball
1-0: Foul Ball, location: 2F
1-1: Foul Ball, location: 2F
1-2: Ball
2-2: Foul Ball, location: 2F
2-2: Ball
3-2: Foul Ball, location: 2F
3-2: Strikes out swinging
Batting: LHB Kenny Jackson 0-0: Ball
1-0: Called Strike
Pickoff Throw to First - Out! 1-3 CS
Top of the 4th over - 0 runs, 1 hit, 0 errors, 0 left on base; Boston (APP) 1 - Detroit (APP) 1
BOTTOM OF THE 4TH
Detroit (APP) Tigers batting - Pitching for Boston (APP) Red Sox : RHP Jim Horwood
Batting: RHB Kevin Steed 0-0: Ball
1-0: Called Strike
1-1: Ball
2-1: Ground out 3-1 (Groundball, 34S, EV 85.6 MPH)
Batting: RHB Yasutaka Yamasaki 0-0: Ball
1-0: Ball
2-0: Called Strike
2-1: Ball
3-1: Base on Balls
Batting: RHB Juan Acero 0-0: Ball
1-0: Foul Ball, location: 2F
1-1: Fly out, F7 (Flyball, 7, EV 83.1 MPH)
Batting: SHB Salvador Lacosta 0-0: Called Strike
0-1: Fielders Choice at 2nd, 6-4 (Groundball, 4M, EV 87.5 MPH)
Bottom of the 4th over - 0 runs, 0 hits, 0 errors, 1 left on base; Boston (APP) 1 - Detroit (APP) 1
TOP OF THE 5TH
Boston (APP) Red Sox batting - Pitching for Detroit (APP) Tigers : LHP Jayden Carey
Batting: LHB Kenny Jackson 0-0: Swinging Strike
0-1: Ball
1-1: Swinging Strike
1-2: Foul Ball, location: 2F
1-2: Ball
2-2: Ball
3-2: Strikes out swinging
Batting: RHB Aukukero Tairi 0-0: Called Strike
0-1: Swinging Strike
0-2: Strikes out swinging
Batting: RHB Roger Mitchell 0-0: Fly out, F9 (Flyball, 89D, EV 101.2 MPH)
Top of the 5th over - 0 runs, 0 hits, 0 errors, 0 left on base; Boston (APP) 1 - Detroit (APP) 1
BOTTOM OF THE 5TH
Detroit (APP) Tigers batting - Pitching for Boston (APP) Red Sox : RHP Jim Horwood
Batting: RHB Ernst Meloche 0-0: Hit by Pitch
Batting: LHB Glen Boyle 0-0: DOUBLE (Groundball, 3L, EV 105.6 MPH)
Ernst Meloche to third
Batting: LHB Timotheus Young 0-0: Ball
1-0: Foul Ball, location: 2F
1-1: Foul Ball, location: 2F
1-2: 3-RUN HOME RUN (Flyball, 9D, EV 100.0 MPH), Distance : 371 ft
Batting: RHB Billy Verdusco 0-0: Called Strike
0-1: Ball
1-1: Ball
2-1: Called Strike
2-2: Foul Ball, location: 2F
2-2: Ball
3-2: Foul Ball, location: 2F
3-2: Base on Balls
Batting: RHB Seth Fox 0-0: Foul Ball, location: 2F
0-1: Foul Ball, location: 2F
0-2: Ball
1-2: Grounds into double play, 5-4-3 (Groundball, 56, EV 81.9 MPH)
Batting: RHB Kevin Steed 0-0: Ball
1-0: Foul Ball, location: 2F
1-1: Ball
2-1: SINGLE (Groundball, 6D, EV 105.0 MPH)
Pitching: RHP Armando Berrios
Batting: RHB Yasutaka Yamasaki 0-0: Ball
1-0: Ball
2-0: Ball
3-0: Base on Balls
Kevin Steed to second
Batting: RHB Juan Acero 0-0: Fly out, F7 (Flyball, 7S, EV 71.2 MPH)
Bottom of the 5th over - 3 runs, 3 hits, 0 errors, 2 left on base; Boston (APP) 1 - Detroit (APP) 4
TOP OF THE 6TH
Boston (APP) Red Sox batting - Pitching for Detroit (APP) Tigers : LHP Jayden Carey
Batting: RHB Dominique Paolozzi 0-0: Called Strike
0-1: Ball
1-1: Swinging Strike
1-2: Foul Ball, location: 2F
1-2: Ball
2-2: Ball
3-2: Strikes out swinging
Batting: RHB Mike Rosa 0-0: Called Strike
0-1: Ball
1-1: Foul Ball, location: 2F
1-2: Ball
2-2: Ball
3-2: Base on Balls
Batting: LHB Mike Hutcheson 0-0: Called Strike
0-1: Ball
1-1: Grounds into double play, 4-6-3 (Groundball, 4S, EV 81.9 MPH)
Top of the 6th over - 0 runs, 0 hits, 0 errors, 0 left on base; Boston (APP) 1 - Detroit (APP) 4
BOTTOM OF THE 6TH
Detroit (APP) Tigers batting - Pitching for Boston (APP) Red Sox : RHP Armando Berrios
Batting: SHB Salvador Lacosta 0-0: Ball
1-0: Ground out 5-3 (Groundball, 56S, EV 68.1 MPH)
Batting: RHB Ernst Meloche 0-0: Foul Ball, location: 2F
0-1: Ball
1-1: Ball
2-1: Ball
3-1: Called Strike
3-2: TRIPLE (Flyball, 78XD, EV 111.2 MPH)
Batting: LHB Glen Boyle 0-0: Swinging Strike
0-1: Ball
1-1: Ground out 4-3 (Groundball, 4, EV 106.9 MPH)
Ernst Meloche scores
Batting: LHB Timotheus Young 0-0: Called Strike
0-1: Fly out, F5 (Popup, 5F, EV 54.4 MPH)
Bottom of the 6th over - 1 run, 1 hit, 0 errors, 0 left on base; Boston (APP) 1 - Detroit (APP) 5
TOP OF THE 7TH
Boston (APP) Red Sox batting - Pitching for Detroit (APP) Tigers : LHP Jayden Carey
Batting: LHB Stanislav Parusov 0-0: Ball
1-0: Called Strike
1-1: Ball
2-1: Foul Ball, location: 2F
2-2: Fly out, F7 (Flyball, 7LM, EV 88.1 MPH)
Batting: RHB Willie Camacho 0-0: Ball
1-0: Ball
2-0: Fly out, F3 (Popup, 3, EV 56.2 MPH)
Batting: LHB Robert Gonzalez 0-0: Ball
1-0: Ball
2-0: SINGLE (Groundball, 4S, EV 65.6 MPH) (infield hit)
Pitching: LHP Josh Sinclair
Pinch Hitting: RHB Bakhtiar Asadov 0-0: Foul Ball, location: 2F
0-1: Ground out 5-3 (Groundball, 56S, EV 68.8 MPH)
Top of the 7th over - 0 runs, 1 hit, 0 errors, 1 left on base; Boston (APP) 1 - Detroit (APP) 5
BOTTOM OF THE 7TH
Detroit (APP) Tigers batting - Pitching for Boston (APP) Red Sox : RHP Armando Berrios
Now at 1B: Vladmiri Nugaibekov
Batting: RHB Billy Verdusco 0-0: Ball
1-0: Ground out 4-3 (Groundball, 4, EV 105.6 MPH)
Batting: RHB Seth Fox 0-0: Called Strike
0-1: Swinging Strike
0-2: Hit by Pitch
Pitching: RHP Seb Lightfoot
Batting: RHB Kevin Steed 0-0: Ball
1-0: Called Strike
1-1: Ball
2-1: Ball
3-1: Foul Ball, location: 2F
3-2: Foul Ball, location: 2F
3-2: Foul Ball, location: 2F
3-2: Base on Balls
Seth Fox to second
Batting: RHB Yasutaka Yamasaki 0-0: Foul Ball, location: 2F
0-1: Swinging Strike
0-2: Strikes out swinging
Batting: RHB Juan Acero 0-0: Ball
1-0: Called Strike
1-1: Ball
2-1: Foul Ball, location: 2F
2-2: Foul Ball, location: 2F
2-2: Ball
3-2: Base on Balls
Seth Fox to third
Kevin Steed to second
Batting: SHB Salvador Lacosta 0-0: Called Strike
0-1: Called Strike
0-2: DOUBLE (Line Drive, 89D, EV 113.8 MPH)
Seth Fox scores
Kevin Steed scores
Juan Acero to third
Batting: RHB Ernst Meloche 0-0: Called Strike
0-1: Ball
1-1: Ball
2-1: Ball
3-1: Foul Ball, location: 2F
3-2: Foul Ball, location: 2F
3-2: Base on Balls
Batting: LHB Glen Boyle 0-0: Ball
1-0: Ball
2-0: Fly out, F9 (Flyball, 9D, EV 84.4 MPH)
Bottom of the 7th over - 2 runs, 1 hit, 0 errors, 3 left on base; Boston (APP) 1 - Detroit (APP) 7
TOP OF THE 8TH
Boston (APP) Red Sox batting - Pitching for Detroit (APP) Tigers : LHP Josh Sinclair
Batting: RHB Aukukero Tairi 0-0: Ball
1-0: Called Strike
1-1: Foul Ball, location: 2F
1-2: Ball
2-2: Ball
3-2: Base on Balls
Batting: RHB Roger Mitchell 0-0: Called Strike
0-1: Ball
1-1: Hit by Pitch
Aukukero Tairi to second
Batting: RHB Dominique Paolozzi 0-0: Ball
1-0: Swinging Strike
1-1: Foul Ball, location: 2F
1-2: Strikes out looking
Batting: RHB Mike Rosa 0-0: Fly out, F7 (Flyball, 7LS, EV 87.5 MPH)
Batting: LHB Mike Hutcheson 0-0: Called Strike
0-1: Swinging Strike
0-2: Foul Ball, location: 2F
0-2: Strikes out swinging
Top of the 8th over - 0 runs, 0 hits, 0 errors, 2 left on base; Boston (APP) 1 - Detroit (APP) 7
BOTTOM OF THE 8TH
Detroit (APP) Tigers batting - Pitching for Boston (APP) Red Sox : RHP Seb Lightfoot
Batting: LHB Timotheus Young 0-0: Ground out 4-3 (Groundball, 4, EV 87.5 MPH)
Batting: RHB Billy Verdusco 0-0: Foul Ball, location: 2F
0-1: Ball
1-1: Fly out, F6 (Line Drive, 4M, EV 77.5 MPH)
Batting: RHB Seth Fox 0-0: Called Strike
0-1: Called Strike
0-2: Ball
1-2: Foul Ball, location: 2F
1-2: SOLO HOME RUN (Flyball, 7LD, EV 97.5 MPH), Distance : 351 ft
Batting: RHB Kevin Steed 0-0: Ball
1-0: Ball
2-0: Called Strike
2-1: Ground out 5-3 (Groundball, 5, EV 89.4 MPH)
Bottom of the 8th over - 1 run, 1 hit, 0 errors, 0 left on base; Boston (APP) 1 - Detroit (APP) 8
TOP OF THE 9TH
Boston (APP) Red Sox batting - Pitching for Detroit (APP) Tigers : LHP Josh Sinclair
Batting: LHB Stanislav Parusov 0-0: Called Strike
0-1: Called Strike
0-2: Ball
1-2: Foul Ball, location: 2F
1-2: Foul Ball, location: 2F
1-2: Strikes out swinging
Pitching: RHP Alex Amparo
Batting: RHB Willie Camacho 0-0: Called Strike
0-1: Ball
1-1: Swinging Strike
1-2: Strikes out looking
Batting: LHB Robert Gonzalez 0-0: Ball
1-0: Foul Ball, location: 2F
1-1: Ball
2-1: Ball
3-1: Foul Ball, location: 2F
3-2: Ground out 6-3 (Groundball, 6MD, EV 93.1 MPH)
Top of the 9th over - 0 runs, 0 hits, 0 errors, 0 left on base; Boston (APP) 1 - Detroit (APP) 8
Thursday, December 15th , 2022 - OOTP Baseball 23.9 Build 102